 Dungeon Crawl Stone Soup version 0.21.1-1-g345015f (webtiles) character file.

44 inc the Ducker (level 3, 15/15 HPs)
             Began as a Felid Transmuter on Mar 5, 2018.
             Quit the game on level 2 of the Dungeon.
             The game lasted 00:02:42 (2388 turns).

inc the Ducker (Felid Transmuter)                   Turns: 2388, Time: 00:02:43

Health: 15/15      AC:  1    Str:  6    XL:     3   Next: 41%
Magic:  7/7        EV: 21    Int: 15    God:
Gold:   84         SH:  6    Dex: 16    Spells: 5/6 levels left
                                        Lives:  0   Deaths: 1

rFire    . . .     SeeInvis +     - Unarmed
rCold    + . .     Gourm    .   (shield unavailable)
rNeg     . . .     Faith    .   (armour unavailable)
rPois    .         Spirit   .   (helmet unavailable)
rElec    .         Reflect  +   (cloak unavailable)
rCorr    .         Harm     .   (gloves unavailable)
MR       .....                  (boots unavailable)
Stlth    ++........             o - +6 amulet of reflection
HPRegen  0.05/turn              p - ring of protection from cold
MPRegen  0.10/turn              (no ring)

@: quick
A: very small, no armour, no weapons or thrown items, stealth, claws 1, fangs 3,
see invisible, carnivore, speed 1, shaggy fur 1, slow metabolism 1, sharp paws
a: no special abilities


You were on level 2 of the Dungeon.
You were not hungry.

You visited 1 branch of the dungeon, and saw 2 of its levels.

You collected 84 gold pieces.

Inventory:

Missiles
 a - 35 arrows
Jewellery
 o - a +6 amulet of reflection (around neck)
 p - a ring of protection from cold (left paw)
Wands
 m - a wand of paralysis (19)
Scrolls
 d - 2 scrolls of magic mapping {unknown}
 g - 4 scrolls of remove curse {unknown}
 h - 2 scrolls of enchant armour {unknown}
 k - 2 scrolls of teleportation {unknown}
 l - a scroll of amnesia {unknown}
Potions
 e - a potion of heal wounds {unknown}
 f - a potion of ambrosia {unknown}
 i - a potion of brilliance {unknown}
 j - a potion of haste {unknown}
 n - 2 potions of flight {unknown}
Books
 b - a book of Changes

   Spells                             Type                      Level
   a - Beastly Appendage              Transmutation                1
   b - Sticks to Snakes               Transmutation                2
   c - Spider Form                    Transmutation/Poison         3
   d - Ice Form                       Ice/Transmutation            4
   e - Blade Hands                    Transmutation                5
Comestibles
 c - 5 rations


   Skills:
 - Level 1.0 Fighting
 - Level 6.1 Dodging
 + Level 3.2 Unarmed Combat
 - Level 2.0 Spellcasting
 - Level 2.1 Transmutations


You had 5 spell levels left.
You knew the following spells:

 Your Spells              Type           Power        Failure   Level  Hunger
a - Beastly Appendage     Tmut           #.....       9%          1    #......


Dungeon Overview and Level Annotations

Branches:
Dungeon (2/15)

Altars:

Annotations:
D:2 Natasha


Innate Abilities, Weirdness & Mutations

You cannot wear armour.
You are incapable of wielding weapons or throwing items.
Your paws allow you to move quietly. (Stealth)
You have sharp claws.
You have razor-sharp teeth.
You have supernaturally acute eyesight. (SInv)
You are carnivorous and can eat meat at any time.
You cover ground quickly.
You are covered in fur. (AC +1)
You have a slow metabolism.
Your sharp claws are effective at attacking unaware monsters.


Message History

Natasha moves out of view.
No target in view!
No target in view!
No target in view!
No target in view!
Natasha hisses angrily.
You barely miss Natasha. Natasha casts a spell at you. The magic dart hits you!
You closely miss Natasha.
Natasha stares at you and mumbles some strange words.
The magic dart hits you!
You scratch Natasha.
Natasha is moderately wounded.
Natasha casts a spell at you. The magic dart hits you!
You die...
You are now level 3!
You rejoin the land of the living...
Are you sure you want to abandon this character and quit the game? (Confirm with "yes".)

#.# ###########.# #.#
#####.# ..# #.....# ###
############.#############
#............# #.........
###
#............####.........
..#
#.........................
..#
#...........####..........
..# #........@..#
#......(... ..#
#...........# #..........
..# #...........#
#.......... ..#
#...........# #..........
..# #...........#
#.......... .##
#...........# #..........
.#
######...########.........
.# #.............#######
.# #.###########.#


There were no monsters in sight!

Vanquished Creatures
  Natasha (D:2)
  2 adders (D:2)
  An ooze (D:1)
  2 leopard geckos
  3 giant cockroaches (D:1)
  10 hobgoblins
  6 jackals (D:2)
  A quokka (D:2)
  6 bats
  3 frilled lizards (D:1)
  4 goblins
  3 kobolds
  5 rats
47 creatures vanquished.

Notes
Turn   | Place    | Note
-------+----------+-------------------------------------------
     0 | D:1      | inc the Felid Transmuter began the quest for the Orb.
     0 | D:1      | Reached XP level 1. HP: 9/9 MP: 4/4
    40 | D:1      | Reached skill level 3 in Dodging
   444 | D:1      | Reached XP level 2. HP: 12/12 MP: 4/6
   471 | D:1      | Reached skill level 4 in Dodging
  1148 | D:2      | Reached XP level 3. HP: 15/15 MP: 7/7
  1152 | D:2      | Reached skill level 5 in Dodging
  1160 | D:2      | Noticed Natasha
  1820 | D:2      | Killed Natasha
  1820 | D:2      | Reached skill level 6 in Dodging
  1820 | D:2      | Reached XP level 4. HP: 11/19 MP: 6/8
  2382 | D:2      | Noticed Natasha
  2387 | D:2      | Killed from afar by Natasha
  2388 | D:2      | Reached XP level 3. HP: -2/15 MP: 7/7
  2388 | D:2      | Quit the game

Skill      XL: |  1  2  3 |
---------------+----------+-----
Dodging        | 3 4 6 |  6.1
Fighting       | |  1.0
Unarmed Combat | |  3.2
Spellcasting   | |  2.0
Transmutations | |  2.1

Action                   |  1- 3 |  4- 6 || total
-------------------------+-------+-------++-------
Melee: Unarmed           |   114 |    39 ||   153
       Headbutt          |    11 |       ||    11
       Bite              |     7 |     3 ||    10
       Punch             |     1 |       ||     1
 Cast: Beastly Appendage |    10 |       ||    10
 Stab: Sleeping          |     4 |     2 ||     6
  Eat: Chunk             |     9 |       ||     9
Armor: Skin              |     8 |     2 ||    10
Dodge: Dodged            |    98 |    29 ||   127
